 Dungeon Crawl Stone Soup version 0.25-a0-346-g140ab784a8 (webtiles) character file.

Game seed: 5927482518752768513, levelgen mode: deterministic

139 Conn the Magician (level 5, -16/32 HPs)
             Began as an Octopode Wizard on Jan 1, 2020.
             Was an Initiate of Vehumet.
             Blown up by Pikel (23 damage)
             ... with a disintegration bolt
             ... on level 4 of the Dungeon.
             The game lasted 00:10:36 (2774 turns).

Conn the Magician (Octopode Wizard)                 Turns: 2774, Time: 00:10:37

Health: -16/32     AC:  1    Str:  6    XL:     5   Next: 22%
Magic:  4/11       EV: 13    Int: 22    God:    Vehumet [......]
Gold:   128        SH:  0    Dex: 10    Spells: 1/12 levels left

rFire    . . .     SeeInvis .   e - +5 dagger (curse)
rCold    . . .     Gourm    .   (no shield)
rNeg     . . .     Faith    .   a - +0 hat
rPois    .         Spirit   .   (no amulet)
rElec    .         Reflect  .   (no ring)
rCorr    .         Harm     .   (no ring)
MR       .....                  (no ring)
Stlth    +++.......             (no ring)
HPRegen  0.10/turn              (no ring)
MPRegen  0.12/turn              (no ring)
                                (no ring)
                                (no ring)

@: no status effects
A: almost no armour, stealthy swim, amphibious, 8 rings, constrict 8, camouflage
1, gelatinous body 1
a: Renounce Religion


You were on level 4 of the Dungeon.
You worshipped Vehumet.
Vehumet was noncommittal.
You were hungry.

You visited 1 branch of the dungeon, and saw 4 of its levels.

You collected 128 gold pieces.

Inventory:

Hand Weapons
 e - a cursed +5 dagger (weapon)
Armour
 a - a +0 hat (worn)
Comestibles
 c - 7 rations


   Skills:
 + Level 0.4 Fighting
 + Level 0.8 Short Blades
 + Level 2.5 Dodging
 + Level 4.1 Stealth
 + Level 4.2 Spellcasting
 + Level 1.6 Conjurations
 + Level 1.1 Summonings
 + Level 1.0 Translocations


You had one spell level left.
You knew the following spells:

 Your Spells              Type           Power        Failure   Level  Hunger
a - Magic Dart            Conj           ##..         5%          1    None
b - Blink                 Tloc           N/A          11%         2    #......
c - Call Imp              Summ           #.......     11%         2    #......
d - Conjure Flame         Conj/Fire      #.......     24%         3    ##.....
e - Mephitic Cloud        Conj/Pois/Air  #.......     26%         3    ##.....

Your spell library contained the following spells:

 Spells                   Type           Power        Failure   Level  Hunger
 Slow                     Hex            #.......     17%         2    #......


Dungeon Overview and Level Annotations

Branches:
Dungeon (4/15)
 Temple: D:4-7

Altars:
Vehumet
Xom

Annotations:
D:3 Grinder
D:4 Pikel


Innate Abilities, Weirdness & Mutations

You cannot wear most types of armour.
You are very stealthy in the water. (Stealth+)
You are amphibious.
You can wear up to eight rings at the same time.
You can use your tentacles to constrict eight enemies at once.
Your skin changes colour to match your surroundings (Stealth+).
Your rubbery body absorbs attacks. (AC +1, EV +1)


Message History

Unknown command.
Unknown command.
Unknown command.
Unknown command.
The worker ant barely misses you.
Really walk into that dispersal trap?
You enter a dispersal trap!
The worker ant blinks! x2; You blink.
A phantom and a howler monkey come into view.
Found a pair of gloves.
The howler monkey howls!
A frilled lizard comes into view.
The worker ant bites you.
* * * LOW HITPOINT WARNING * * *
Pikel the Slaver comes into view.
He is wielding a +0 whip of freezing and carrying a wand of disintegration (21).
A hound comes into view.
The worker ant waves its antennae.
The worker ant misses you.
Pikel zaps a wand.
You are blasted!
Ouch! That really hurt!
You die...

#. ... ......####
##...#....# ###
....K#....##..#
..............
..h.........
..$†.......#
.........@#
........##
.......aa.##
..##.......#
#...........##
#..##........#
....#..h.....#####
...........^##...##
............#.....#


You could see Pikel, a howler monkey, a hound (wandering) and 2 worker ants.

Vanquished Creatures
  3 adders
  2 dart slugs
  A worm (D:3)
  3 leopard geckos
  6 bats
  3 giant cockroaches
  6 goblins
  4 hobgoblins
  3 jackals
  3 quokkas
  A ball python (D:2)
  7 frilled lizards
  8 kobolds
  4 rats (D:1)
54 creatures vanquished.

Vanquished Creatures (collateral kills)
  A sky beast (D:3)
  A dart slug (D:1)
  A frilled lizard (D:1)
3 creatures vanquished.

Grand Total: 57 creatures vanquished

Notes
Turn   | Place    | Note
-------+----------+-------------------------------------------
     0 | D:1      | Conn the Octopode Wizard began the quest for the Orb.
     0 | D:1      | Reached XP level 1. HP: 11/11 MP: 4/4
   121 | D:1      | Reached XP level 2. HP: 11/17 MP: 0/6
   229 | D:1      | Learned a level 2 spell: Blink
   232 | D:1      | Learned a level 2 spell: Call Imp
   704 | D:1      | Reached XP level 3. HP: 19/21 MP: 0/8
  1904 | D:3      | Reached XP level 4. HP: 8/27 MP: 0/10
  2072 | D:3      | Found a radiant altar of Vehumet.
  2098 | D:3      | Became a worshipper of Vehumet
  2216 | D:3      | Noticed Grinder
  2231 | D:3      | Paralysed by Grinder for 5 turns
  2336 | D:2      | Learned a level 3 spell: Conjure Flame
  2340 | D:2      | Learned a level 3 spell: Mephitic Cloud
  2504 | D:2      | Found a shimmering altar of Xom.
  2662 | D:3      | Noticed a sky beast
  2694 | D:3      | Killed a sky beast
  2694 | D:3      | Reached XP level 5. HP: 22/32 MP: 8/11
  2719 | D:3      | Paralysed by Grinder for 3 turns
  2728 | D:3      | Paralysed by Grinder for 6 turns
  2739 | D:3      | Paralysed by Grinder for 2 turns
  2766 | D:4      | Noticed a phantom
  2772 | D:4      | Noticed Pikel
  2774 | D:4      | Blown up by Pikel

Levels and vault maps discovered:
D:1:      lemuel_arrival_cross, layout_basic, item_on_display_b
D:2:      layout_basic, lemuel_crystal_altar
D:3:      layout_basic, lemuel_round_altar, gammafunk_ghost_grave, first_ration,
          uniq_grinder
D:4:      layout_cave_pools, grunt_qazlal_sundering, overflow_temple_1_default,
          gammafunk_temple_overflow_wave, sigmund_army, uniq_pikel, uniq_ijyb

Skill      XL: |  1  2  3  4 |
---------------+-------------+-----
Spellcasting   | 4 |  4.2
Stealth        | 3 4 |  4.1
Fighting       | |  0.4
Short Blades   | |  0.8
Dodging        | |  2.5
Conjurations   | |  1.6
Summonings     | |  1.1
Translocations | |  1.0

Action                   |  1- 3 |  4- 6 || total
-------------------------+-------+-------++-------
Melee: Unarmed           |     8 |       ||     8
       Constrict         |     9 |     8 ||    17
       Tentacles         |     5 |     3 ||     8
       Dagger            |    40 |    27 ||    67
 Cast: Magic Dart        |    66 |    23 ||    89
       Call Imp          |     1 |     5 ||     6
       Blink             |       |     1 ||     1
  Use: Potion            |     1 |     4 ||     5
       Scroll            |       |     8 ||     8
 Stab: Sleeping          |    11 |     3 ||    14
  Eat: Chunk             |     3 |     2 ||     5
Armor: Skin              |     6 |       ||     6
Dodge: Dodged            |    54 |    35 ||    89

Table legend:
 A = Non-vault XP
 B = Vault XP
 C = Vault XP percentage of total XP
 D = Non-vault monster count
 E = Vault monster count
 F = Vault count percentage of total count
                 A         B        C        D         E       F
            +---------+---------+-------+---------+---------+-------
      Total |     199 |       0 |   0.0 |      57 |       0 |   0.0
            +---------+---------+-------+---------+---------+-------
        D:1 |      46 |       0 |   0.0 |      30 |       0 |   0.0
        D:2 |      40 |       0 |   0.0 |      15 |       0 |   0.0
        D:3 |     111 |       0 |   0.0 |      11 |       0 |   0.0
        D:4 |       2 |       0 |   0.0 |       1 |       0 |   0.0
            +---------+---------+-------+---------+---------+-------
